[Event "IMSA Rapid Women 2019"]
[Site "Hengshui"]
[Date "2019.05.16"]
[Round "11.16"]
[White "Lei, Tingjie"]
[Black "Koneru, Humpy"]
[Result "1/2-1/2"]
[ECO "C42"]
[WhiteElo "2507"]
[BlackElo "2553"]
[Annotator "RC"]
[PlyCount "97"]
[EventDate "2019.05.14"]
[EventType "rapid"]
[EventCountry "CHN"]
[SourceTitle "playchess.com"]
[Source "ChessBase"]
[SourceQuality "1"]
[TimeControl "900+10"]

1. e4 e5 2. Nf3 Nf6 3. Nxe5 d6 4. Nf3 Nxe4 5. d4 d5 6. Bd3 Bd6 7. O-O O-O 8. c4 c6 9. Qc2 Na6 10. a3 f5 11. b4 Nc7 12. c5 Be7 13. Ne5 Ne6 14. f3 Nxd4 15. Qb2 Ne6 16. fxe4 fxe4 17. Rxf8+ Qxf8 18. Bxe4 dxe4 19. Nd2 Qd8 20. h3 Qd5 21. Ndc4 Bf6 22. Bd2 Qd4+ 23. Qxd4 Nxd4 24. Re1 Bf5 25. Bc3 Nb5 26. Bb2 Rd8 27. g4 Be6 28. a4 Bxc4 29. Nxc4 Bxb2 30. axb5 Bd4+ 31. Kg2 cxb5 32. Nd6 b6 33. Rxe4 bxc5 34. Nxb5 a6 35. Nxd4 cxd4 36. Kf2 d3 37. Ke1 d2+ 38. Kd1 Kf7 39. Rc4 Rd6 40. Rc7+ Kf6 41. Ra7 h6 42. h4 g6 43. Rh7 Rd4 44. Rxh6 Kg7 45. g5 Rxb4 46. Kxd2 Rg4 47. h5 Rxg5 48. Rxg6+ Rxg6 49. hxg6 1/2-1/2